Map: Ultralove

Players

HugoTwo

  • Race: Zerg Zerg
  • League: Diamond
  • Spawn Location: 1:00

LigerMaNN - Winner!

  • Race: Zerg Zerg
  • League: Diamond
  • Spawn Location: 7:00

VOD

Have the link to the VOD?

Description

Time

  • Played on: June 4, 2025, 1:02 a.m.
  • Length: 7:57
Show
View Real Time Build Order
Export as new Build Order

HugoTwo Zerg 

Build Orders: Pool First 

Get SALT Encoding   

  12  0:00  Drone  
  13  0:13  Overlord  
  13  0:16  Drone  
  14  0:31  Drone x2  
  16  0:37  Drone  
  17  0:47  Spawning Pool  
  17  0:49  Drone  
  17  1:09  Hatchery  
  16  1:13  Drone  
  17  1:33  Zergling x6  
  20  1:40  Queen  
  20  1:45  Overlord, Spine Crawler  
  21  1:55  Zergling x2  
  22  2:07  Zergling x2  
  20  2:19  Zergling x2  
  21  2:50  Queen x2  
  25  2:52  Drone x4  
  29  3:00  Drone x2  
  31  3:06  Extractor  
  30  3:15  Drone x4  
  34  3:21  Extractor  
  34  3:26  Overlord  
  33  3:50  Roach Warren  
  33  3:52  Drone x5  
  37  4:10  Overlord  
  37  4:11  Drone x6  
  43  4:27  Overlord  
  43  4:29  Drone  
  44  4:32  Lair  
  44  4:34  Drone x2  
  46  4:40  Pneumatized Carapace  
  46  4:53  Overlord  
  46  4:54  Drone x3  
  49  5:04  Drone  
  50  5:09  Extractor  
  50  5:12  Extractor  
  48  5:30  Drone x7  
  55  5:39  Drone x4, Spire  
  58  6:00  Queen x2  
  62  6:07  Overlord, Hatchery  
  61  6:22  Evolution Chamber  
  61  6:25  Evolution Chamber  
  59  6:36  Queen  
  61  6:41  Roach x3  
  66  6:48  Queen  
  67  6:59  Overlord x3  
  67  7:00  Overlord  
  65  7:04  Spine Crawler x2  
  65  7:05  Spine Crawler  
  65  7:06  Mutalisk x8, Spine Crawler  
  65  7:07  Mutalisk  
  67  7:10  Mutalisk  
  60  7:19  Queen x2  
Show
View Real Time Build Order
Export as new Build Order

LigerMaNN Zerg - Winner!

Build Orders: Pool First 

Get SALT Encoding   

  12  0:17  Spawning Pool  
  11  0:22  Drone  
  11  0:26  Drone  
  13  0:31  Drone  
  14  0:42  Overlord  
  14  1:06  Zergling x6  
  17  1:17  Zergling x2  
  18  1:19  Hatchery  
  17  1:27  Zergling x2  
  18  1:33  Queen  
  18  1:38  Zergling x2  
  21  1:48  Overlord  
  19  2:09  Drone  
  19  2:12  Drone  
  21  2:22  Queen  
  23  2:29  Drone  
  24  2:40  Drone x2  
  26  2:45  Drone x2  
  28  2:58  Drone  
  28  2:59  Drone x3  
  32  3:08  Drone  
  32  3:09  Drone  
  35  3:12  Drone  
  35  3:20  Extractor  
  35  3:23  Extractor  
  35  3:24  Drone x3  
  36  3:28  Overlord x2  
  36  3:36  Evolution Chamber  
  36  3:39  Evolution Chamber  
  34  3:42  Drone x3, Roach Warren  
  37  3:48  Drone x2  
  37  3:49  Drone  
  37  3:52  Drone  
  40  4:01  Drone x2  
  40  4:02  Drone x2  
  43  4:10  Lair  
  43  4:13  Drone  
  44  4:20  Drone  
  44  4:22  Overlord  
  44  4:23  Overlord  
  45  4:28  Zerg Missile Weapons Level 1  
  45  4:57  Overlord x5  
  45  5:05  Drone x3  
  45  5:06  Extractor  
  47  5:07  Drone  
  47  5:09  Overlord x2  
  48  5:21  Glial Reconstitution  
  48  5:23  Roach x5  
  58  5:32  Roach x4  
  63  5:50  Roach x4  
  63  5:51  Roach  
  63  5:54  Roach  
  63  5:55  Roach  
  77  6:06  Roach x2  
  77  6:07  Roach x2  
  85  6:18  Roach x5  
  95  6:26  Roach  
  95  6:27  Overlord x2  
  95  6:28  Overlord  
  97  6:50  Roach x7  
  111  7:06  Roach x4  
  119  7:11  Roach x3  
  125  7:31  Roach  
  125  7:32  Roach x3  
  131  7:41  Spore Crawler  
  131  7:43  Spore Crawler  
  125  7:46  Spore Crawler  
  125  7:49  Spore Crawler  
Tags
 
Matchup
ZvZ
Race
Zerg
Replay Pack
June 2025
Spawn Locations
Cross Positions
Add a new tag
Caveats
  • Supply blocks, unpowered buildings, or Contaminate may cause inaccurate times.
  • Supply counts are checked every 10 seconds.